ORI
ARIZONA STATE UNIVERSITY SUN DEVILS @ UNIVERSITY OF GEORGIA BULLDOGS
11/27/2049
 
TOP OF THE 1ST
University of Florida Gators batting - Pitching for California State University at Fullerton Titans : RHP John Woods
Pitching: RHP John Woods
Batting: RHB Marco Morales 0-0: Called Strike
0-1: Fly out, F7 (Flyball, 7D, EV 96.2 MPH)
Batting: LHB Terry Bayer 0-0: Called Strike
0-1: Foul Ball, location: 2F
0-2: Ground out 6-3 (Groundball, 6, EV 110.6 MPH)
Batting: RHB Robert Mason 0-0: Ball
1-0: Swinging Strike
1-1: Swinging Strike
1-2: Reached on error, E6 (Groundball, 56, EV 100.0 MPH)
Batting: RHB Gong-sun Law 0-0: Ball
1-0: Swinging Strike
1-1: Called Strike
1-2: Ball
2-2: Foul Ball, location: 2F
2-2: Fly out, F9 (Flyball, 9S, EV 86.9 MPH)
Top of the 1st over - 0 runs, 0 hits, 1 error, 1 left on base; University of Florida 0 - California State University at Fullerton 0
BOTTOM OF THE 1ST
California State University at Fullerton Titans batting - Pitching for University of Florida Gators : RHP Carlos Figueroa
Pitching: RHP Carlos Figueroa
Batting: LHB Steve Lane 0-0: Ball
1-0: Called Strike
1-1: Ground out 4-3 (Groundball, 4, EV 88.1 MPH)
Batting: RHB Hassan Thomas 0-0: Ball
1-0: Foul Ball, location: 2F
1-1: Ball
2-1: Ball
3-1: Swinging Strike
3-2: Strikes out swinging, 2-3 out at first.
Batting: RHB Justin Thomas 0-0: Called Strike
0-1: Ball
1-1: Called Strike
1-2: Foul Ball, location: 2F
1-2: Ball
2-2: Fly out, F8 (Flyball, 8RM, EV 92.5 MPH)
Bottom of the 1st over - 0 runs, 0 hits, 0 errors, 0 left on base; University of Florida 0 - California State University at Fullerton 0
TOP OF THE 2ND
University of Florida Gators batting - Pitching for California State University at Fullerton Titans : RHP John Woods
Batting: RHB Elliott Pye 0-0: Ball
1-0: Ball
2-0: Called Strike
2-1: Called Strike
2-2: Fly out, F5 (Line Drive, 56, EV 81.2 MPH)
Batting: SHB Pat Justice 0-0: Called Strike
0-1: Ball
1-1: Ball
2-1: Foul Ball, location: 2F
2-2: Strikes out swinging
Batting: RHB Juan Lopez 0-0: Ball
1-0: Ground out 5-3 (Groundball, 56, EV 100.6 MPH)
Top of the 2nd over - 0 runs, 0 hits, 0 errors, 0 left on base; University of Florida 0 - California State University at Fullerton 0
BOTTOM OF THE 2ND
California State University at Fullerton Titans batting - Pitching for University of Florida Gators : RHP Carlos Figueroa
Batting: LHB John Blumberg 0-0: Called Strike
0-1: Ball
1-1: Ball
2-1: Ball
3-1: Swinging Strike
3-2: Foul Ball, location: 2F
3-2: Strikes out swinging
Batting: RHB Joe McKinzie 0-0: Ball
1-0: Ball
2-0: Foul Ball, location: 2F
2-1: Called Strike
2-2: Strikes out swinging
Batting: RHB Alex Freyre 0-0: Ball
1-0: Swinging Strike
1-1: Ground out 1-3 (Groundball, P, EV 71.2 MPH)
Bottom of the 2nd over - 0 runs, 0 hits, 0 errors, 0 left on base; University of Florida 0 - California State University at Fullerton 0
TOP OF THE 3RD
University of Florida Gators batting - Pitching for California State University at Fullerton Titans : RHP John Woods
Batting: RHB Keith Kamerling 0-0: Called Strike
0-1: Called Strike
0-2: Ball
1-2: Ball
2-2: Ground out 6-3 (Groundball, 6, EV 83.1 MPH)
Batting: LHB Jose Garcia 0-0: Ball
1-0: Foul Ball, location: 2F
1-1: Ball
2-1: Foul Ball, location: 2F
2-2: Foul Ball, location: 2F
2-2: Ground out 4-3 (Groundball, 4S, EV 90.0 MPH)
Batting: RHB Marco Morales 0-0: Called Strike
0-1: Ball
1-1: Ball
2-1: Foul Ball, location: 2F
2-2: SINGLE (Groundball, 34D, EV 96.9 MPH)
Batting: LHB Terry Bayer 0-0: Called Strike
0-1: SINGLE (Line Drive, 5D, EV 105.6 MPH)
Marco Morales to second
Runner from 2nd tries for 3rd, SAFE, throw by LF made to third
Batting: RHB Robert Mason 0-0: Ball
1-0: Ball
2-0: Called Strike
2-1: Ball
3-1: Called Strike
3-2: Ground out 6-3 (Groundball, 6, EV 91.2 MPH)
Top of the 3rd over - 0 runs, 2 hits, 0 errors, 2 left on base; University of Florida 0 - California State University at Fullerton 0
BOTTOM OF THE 3RD
California State University at Fullerton Titans batting - Pitching for University of Florida Gators : RHP Carlos Figueroa
Batting: SHB John Loechel 0-0: Ball
1-0: Called Strike
1-1: Foul Ball, location: 2F
1-2: Ground out 6-3 (Groundball, 6, EV 79.4 MPH)
Batting: RHB Jeremy Evans 0-0: Called Strike
0-1: Foul Ball, location: 2F
0-2: Ball
1-2: Ball
2-2: Ball
3-2: Foul Ball, location: 2F
3-2: Ground out 1-3 (Groundball, P, EV 71.9 MPH)
Batting: RHB Sergio Cervantes 0-0: Ball
1-0: Ball
2-0: Called Strike
2-1: Ball
3-1: Swinging Strike
3-2: Foul Ball, location: 2F
3-2: Strikes out swinging
Bottom of the 3rd over - 0 runs, 0 hits, 0 errors, 0 left on base; University of Florida 0 - California State University at Fullerton 0
TOP OF THE 4TH
University of Florida Gators batting - Pitching for California State University at Fullerton Titans : RHP John Woods
Batting: RHB Gong-sun Law 0-0: Ball
1-0: Ball
2-0: Ground out 5-3 (Groundball, 56, EV 108.1 MPH)
Batting: RHB Elliott Pye 0-0: Ball
1-0: Ball
2-0: Ball
3-0: Base on Balls
Batting: SHB Pat Justice 0-0: Called Strike
0-1: Foul Ball, location: 2F
0-2: Ball
1-2: Ball
2-2: Fly out, F8 (Flyball, 8LD, EV 90.0 MPH)
Batting: RHB Juan Lopez 0-0: Foul Ball, location: 2F
0-1: Ball
Wild Pitch!
Elliott Pye to second
1-1: Ball
2-1: Foul Ball, location: 2F
2-2: Ground out 5-3 (Groundball, 56, EV 86.9 MPH)
Top of the 4th over - 0 runs, 0 hits, 0 errors, 1 left on base; University of Florida 0 - California State University at Fullerton 0
BOTTOM OF THE 4TH
California State University at Fullerton Titans batting - Pitching for University of Florida Gators : RHP Carlos Figueroa
Batting: LHB Steve Lane 0-0: Ball
1-0: Foul Ball, location: 2F
1-1: Ground out 4-3 (Groundball, 4, EV 87.5 MPH)
Batting: RHB Hassan Thomas 0-0: Ball
1-0: Ground out U3 (Groundball, 34, EV 88.8 MPH)
Batting: RHB Justin Thomas 0-0: Foul Ball, location: 2F
0-1: Ball
1-1: Swinging Strike
1-2: Fly out, F9 (Flyball, 9D, EV 89.4 MPH)
Bottom of the 4th over - 0 runs, 0 hits, 0 errors, 0 left on base; University of Florida 0 - California State University at Fullerton 0
TOP OF THE 5TH
University of Florida Gators batting - Pitching for California State University at Fullerton Titans : RHP John Woods
Batting: RHB Keith Kamerling 0-0: Ball
1-0: Ball
2-0: Foul Ball, location: 2F
2-1: Ball
3-1: Base on Balls
Pitching: RHP Adhamhnan Muljana
Batting: LHB Jose Garcia 0-0: Ball
1-0: Grounds into double play, 4-6-3 (Groundball, 4, EV 87.5 MPH)
Batting: RHB Marco Morales 0-0: Foul Ball, location: 2F
0-1: Ball
1-1: Swinging Strike
1-2: Ball
2-2: Ball
3-2: Foul Ball, location: 2F
3-2: Base on Balls
Batting: LHB Terry Bayer 0-0: Called Strike
0-1: Called Strike
Marco Morales steals 2nd base
0-2: SINGLE (Groundball, 4MD, EV 97.5 MPH)
Marco Morales to third
Runner from 3rd tries for Home, SAFE, throw by CF to home
Batting: RHB Robert Mason 0-0: Ball
1-0: Ground out 5-3 (Groundball, 56S, EV 76.9 MPH)
Top of the 5th over - 1 run, 1 hit, 0 errors, 1 left on base; University of Florida 1 - California State University at Fullerton 0
BOTTOM OF THE 5TH
California State University at Fullerton Titans batting - Pitching for University of Florida Gators : RHP Carlos Figueroa
Batting: LHB John Blumberg 0-0: Ball
1-0: Ground out U3 (Groundball, 3, EV 88.8 MPH)
Batting: RHB Joe McKinzie 0-0: Swinging Strike
0-1: Foul Ball, location: 2F
0-2: SOLO HOME RUN (Flyball, 9LD, EV 91.2 MPH), Distance : 354 ft
Batting: RHB Alex Freyre 0-0: Ball
1-0: Ball
2-0: Called Strike
2-1: Foul Ball, location: 2F
2-2: Ground out 6-3 (Groundball, 6, EV 106.2 MPH)
Batting: SHB John Loechel 0-0: Called Strike
0-1: Ball
1-1: Swinging Strike
1-2: Ball
2-2: Ball
3-2: Fly out, F8 (Flyball, 8LM, EV 78.8 MPH)
Bottom of the 5th over - 1 run, 1 hit, 0 errors, 0 left on base; University of Florida 1 - California State University at Fullerton 1
TOP OF THE 6TH
University of Florida Gators batting - Pitching for California State University at Fullerton Titans : RHP Adhamhnan Muljana
Batting: RHB Gong-sun Law 0-0: Ball
1-0: Foul Ball, location: 2F
1-1: Foul Ball, location: 2F
1-2: Ball
2-2: Ground out 6-3 (Groundball, 6, EV 78.8 MPH)
Batting: RHB Elliott Pye 0-0: Ball
1-0: Ground out 4-3 (Groundball, 4, EV 88.1 MPH)
Batting: SHB Pat Justice 0-0: Ground out 4-3 (Groundball, 4, EV 97.5 MPH)
Top of the 6th over - 0 runs, 0 hits, 0 errors, 0 left on base; University of Florida 1 - California State University at Fullerton 1
BOTTOM OF THE 6TH
California State University at Fullerton Titans batting - Pitching for University of Florida Gators : RHP Carlos Figueroa
Batting: RHB Jeremy Evans 0-0: Foul Ball, location: 2F
0-1: Ball
1-1: Foul Ball, location: 2F
1-2: Ball
2-2: Foul Ball, location: 2F
2-2: Ball
3-2: Ground out 6-3 (Groundball, 6, EV 105.0 MPH)
Pitching: LHP Jorge Guadalupe
Batting: RHB Sergio Cervantes 0-0: Ball
1-0: Ball
2-0: Called Strike
2-1: Foul Ball, location: 2F
2-2: Strikes out looking
Batting: LHB Steve Lane 0-0: Ball
1-0: Swinging Strike
1-1: Called Strike
1-2: Ball
2-2: Ball
3-2: Foul Ball, location: 2F
3-2: Ground out U3 (Groundball, 3, EV 92.5 MPH)
Bottom of the 6th over - 0 runs, 0 hits, 0 errors, 0 left on base; University of Florida 1 - California State University at Fullerton 1
TOP OF THE 7TH
University of Florida Gators batting - Pitching for California State University at Fullerton Titans : RHP Adhamhnan Muljana
Pitching: RHP Jordan Vasquez
Batting: RHB Juan Lopez 0-0: Ball
1-0: Ball
2-0: Ball
3-0: Base on Balls
Batting: RHB Keith Kamerling 0-0: Bunt missed!
0-1: Ball
1-1: Bunted foul
1-2: Ball
2-2: Foul Ball, location: 2F
2-2: Foul Ball, location: 2F
2-2: Fly out, F9 (Flyball, 9LS, EV 91.9 MPH)
Pinch Hitting: RHB Manny Harrison 0-0: Foul Ball, location: 2F
0-1: Foul Ball, location: 2F
0-2: Ball
1-2: SINGLE (Groundball, 56, EV 103.1 MPH)
Juan Lopez to second
Pinch Hitting: LHB Dave Newsome 0-0: Ball
1-0: Fielders Choice at 2nd, 3-6 (Groundball, 13, EV 85.0 MPH)
Juan Lopez to third
Batting: LHB Terry Bayer 0-0: Called Strike
0-1: Ball
1-1: Called Strike
1-2: SINGLE (Groundball, 4M, EV 110.0 MPH) (infield hit)
Juan Lopez scores
Dave Newsome to second
Batting: RHB Robert Mason 0-0: Ball
1-0: Ball
2-0: Ball
3-0: Base on Balls
Dave Newsome to third
Terry Bayer to second
Batting: RHB Gong-sun Law 0-0: Ball
1-0: Called Strike
1-1: Foul Ball, location: 2F
1-2: Foul Ball, location: 2F
1-2: Ball
2-2: Foul Ball, location: 2F
2-2: Fly out, F9 (Line Drive, 89D, EV 90.6 MPH)
Top of the 7th over - 1 run, 2 hits, 0 errors, 3 left on base; University of Florida 2 - California State University at Fullerton 1
BOTTOM OF THE 7TH
California State University at Fullerton Titans batting - Pitching for University of Florida Gators : LHP Jorge Guadalupe
Now at 1B: Dave Newsome
Now at 2B: Manny Harrison
Pinch Hitting: LHB B.J. Ferguson 0-0: Called Strike
0-1: Called Strike
0-2: Ball
1-2: Ground out 6-3 (Groundball, 6M, EV 85.6 MPH)
Batting: RHB Justin Thomas 0-0: Ball
1-0: Ball
2-0: SOLO HOME RUN (Flyball, 7LD, EV 95.0 MPH), Distance : 361 ft
Batting: LHB John Blumberg 0-0: Foul Ball, location: 2F
0-1: Called Strike
0-2: Strikes out swinging
Batting: RHB Joe McKinzie 0-0: Foul Ball, location: 2F
0-1: Foul Ball, location: 2F
0-2: Ball
1-2: Strikes out swinging
Bottom of the 7th over - 1 run, 1 hit, 0 errors, 0 left on base; University of Florida 2 - California State University at Fullerton 2
TOP OF THE 8TH
University of Florida Gators batting - Pitching for California State University at Fullerton Titans : RHP Jordan Vasquez
Pitching: RHP Jaime Zapata
Now at 3B: Mike Lauritsen
Batting: RHB Elliott Pye 0-0: Ball
1-0: Foul Ball, location: 2F
1-1: Foul Ball, location: 2F
1-2: Foul Ball, location: 2F
1-2: Ball
2-2: Ball
3-2: Strikes out looking
Batting: SHB Pat Justice 0-0: Ball
1-0: Foul Ball, location: 2F
1-1: Fly out, F8 (Flyball, 8LS, EV 91.9 MPH)
Batting: RHB Juan Lopez 0-0: Ball
1-0: Called Strike
1-1: Fly out, F7 (Flyball, 7, EV 77.5 MPH)
Top of the 8th over - 0 runs, 0 hits, 0 errors, 0 left on base; University of Florida 2 - California State University at Fullerton 2
BOTTOM OF THE 8TH
California State University at Fullerton Titans batting - Pitching for University of Florida Gators : LHP Jorge Guadalupe
Batting: RHB Alex Freyre 0-0: Called Strike
0-1: Swinging Strike
0-2: Strikes out swinging
Batting: SHB John Loechel 0-0: Ball
1-0: Swinging Strike
1-1: Fly out, F7 (Flyball, 7, EV 96.9 MPH)
Batting: RHB Jeremy Evans 0-0: Ball
1-0: Ball
2-0: Ball
3-0: Base on Balls
Batting: RHB Sergio Cervantes 0-0: Swinging Strike
0-1: Ball
Jeremy Evans is caught stealing 2nd base 2-4
Bottom of the 8th over - 0 runs, 0 hits, 0 errors, 0 left on base; University of Florida 2 - California State University at Fullerton 2
TOP OF THE 9TH
University of Florida Gators batting - Pitching for California State University at Fullerton Titans : RHP Jaime Zapata
Pitching: LHP David Garcia
Batting: RHB Keith Kamerling 0-0: Ball
1-0: Ball
2-0: Ball
3-0: Called Strike
3-1: Foul Ball, location: 2F
3-2: Ground out 5-3 (Groundball, 5L, EV 103.1 MPH)
Batting: RHB Manny Harrison 0-0: Ball
1-0: Swinging Strike
1-1: Ball
2-1: Ball
3-1: Fly out, F9 (Flyball, 9LM, EV 106.9 MPH)
Batting: LHB Dave Newsome 0-0: Called Strike
0-1: Ball
1-1: Foul Ball, location: 2F
1-2: Ball
2-2: Ball
3-2: Foul Ball, location: 2F
3-2: Foul Ball, location: 2F
3-2: Fly out, F9 (Line Drive, 9, EV 86.2 MPH)
Top of the 9th over - 0 runs, 0 hits, 0 errors, 0 left on base; University of Florida 2 - California State University at Fullerton 2
BOTTOM OF THE 9TH
California State University at Fullerton Titans batting - Pitching for University of Florida Gators : LHP Jorge Guadalupe
Pitching: RHP Dave Ross
Batting: RHB Sergio Cervantes 0-0: Fly out, F8 (Line Drive, 8RD, EV 91.9 MPH)
Batting: LHB Steve Lane 0-0: Called Strike
0-1: Foul Ball, location: 2F
0-2: Ball
1-2: Ground out 5-3 (Groundball, 56, EV 98.8 MPH)
Batting: LHB Mike Lauritsen 0-0: Called Strike
0-1: Fly out, F8 (Flyball, 8RD, EV 73.8 MPH)
Bottom of the 9th over - 0 runs, 0 hits, 0 errors, 0 left on base; University of Florida 2 - California State University at Fullerton 2
TOP OF THE 10TH
University of Florida Gators batting - Pitching for California State University at Fullerton Titans : LHP David Garcia
Batting: LHB Terry Bayer 0-0: Ball
1-0: Ball
2-0: Called Strike
2-1: Ball
3-1: Base on Balls
Pinch Hitting: RHB Danny Cisneros 0-0: Ball
1-0: Ball
2-0: Swinging Strike
2-1: Called Strike
2-2: Foul Ball, location: 2F
2-2: Ball
3-2: Base on Balls
Terry Bayer to second
Pitching: RHP Julio Moreno
Batting: RHB Gong-sun Law 0-0: Ball
1-0: Foul Ball, location: 2F
1-1: Called Strike
1-2: Ball
2-2: Foul Ball, location: 2F
2-2: Ball
3-2: Base on Balls
Terry Bayer to third
Danny Cisneros to second
Batting: RHB Elliott Pye 0-0: Called Strike
0-1: Ball
1-1: Called Strike
1-2: Foul Ball, location: 2F
1-2: Foul Ball, location: 2F
1-2: Grounds into double play, 4-2-3 (Groundball, P, EV 90.0 MPH)
Danny Cisneros to third
Gong-sun Law to second
Batting: SHB Pat Justice 0-0: Intentional Walk
Batting: RHB Juan Lopez 0-0: Ball
1-0: Called Strike
1-1: Ball
2-1: Foul Ball, location: 2F
2-2: Reached on error, E5 (Groundball, 56S, EV 83.1 MPH)
Danny Cisneros scores
Gong-sun Law to third
Pat Justice to second
Batting: RHB Keith Kamerling 0-0: Called Strike
0-1: Ball
1-1: Swinging Strike
1-2: Foul Ball, location: 2F
1-2: Strikes out swinging
Top of the 10th over - 1 run, 0 hits, 1 error, 3 left on base; University of Florida 3 - California State University at Fullerton 2
BOTTOM OF THE 10TH
California State University at Fullerton Titans batting - Pitching for University of Florida Gators : RHP Dave Ross
Pitching: LHP Adhamh Lubis
Now at C: Danny Cisneros
Batting: RHB Justin Thomas 0-0: Swinging Strike
0-1: Foul Ball, location: 2F
0-2: Foul Ball, location: 2F
0-2: Ball
1-2: Ball
2-2: Ball
3-2: Ground out 5-3 (Groundball, 56, EV 106.9 MPH)
Batting: LHB John Blumberg 0-0: Ball
1-0: Foul Ball, location: 2F
1-1: Called Strike
1-2: Strikes out looking
Batting: RHB Joe McKinzie 0-0: Swinging Strike
0-1: Ball
1-1: Ball
2-1: Foul Ball, location: 2F
2-2: Strikes out swinging
Bottom of the 10th over - 0 runs, 0 hits, 0 errors, 0 left on base; University of Florida 3 - California State University at Fullerton 2
Sunday, July 16th , 2023 - OOTP Baseball 24.6 Build 69